 Dungeon Crawl Stone Soup version 0.30.1-4-g462c640d31 (webtiles) character file.

Game seed: 9480570852237422552

171 FishyPogo the Insei (level 5, -4/41 HPs)
             Began as a Gnoll Transmuter on Sept 16, 2023.
             Slain by a gnoll
             ... wielding a +0 flail
             ... led by a gnoll bouda
              (6 damage)
             ... on level 5 of the Dungeon.
             The game lasted 00:09:13 (2836 turns).

FishyPogo the Insei (Gnoll Transmuter)              Turns: 2836, Time: 00:09:13

Health: -4/41      AC:  2    Str: 10    XL:     5   Next: 51%
Magic:  11/12      EV: 13    Int: 14    God:
Gold:   271        SH:  0    Dex: 12    Spells: 5/14 levels left

rFire   + . .        r - +3 short sword (venom)
rCold   + . .        (no shield)
rNeg    . . .        a - +0 robe
rPois   .            (no helmet)
rElec   .            x - scarf {rC+ rF+}
rCorr   .            (no gloves)
SInv    .            (no boots)
Will    .....        (no amulet)
Stlth   ++           m - ring of flight
HPRegen 0.26/turn    (no ring)
MPRegen 0.13/turn

%: no passive effects
@: mighty, weakened, wereblooded, flying
A: fangs 1, strong nose, distributed training
a: no special abilities


You were on level 5 of the Dungeon.
You visited 1 branch of the dungeon, and saw 5 of its levels.

You collected 271 gold pieces.

Inventory:

Hand Weapons
 h - a +2 dagger of speed
 r - a +3 short sword of venom (weapon)
Missiles
 c - 81 stones
 j - 4 poisoned darts
 o - 3 javelins
Armour
 a - a +0 robe (worn)
 d - a +2 scale mail of fire resistance
 x - a scarf of resistance (worn)
Jewellery
 m - a ring of flight (left hand)
Scrolls
 t - 3 scrolls of teleportation
 v - a scroll of fear
 y - a scroll of immolation
Potions
 b - a potion of lignification
 f - a potion of resistance {unknown}
 g - 2 potions of attraction
 n - a potion of ambrosia {unknown}
 q - 2 potions of heal wounds {unknown}
 u - 3 potions of curing {unknown}
 z - a potion of magic {unknown}


   Skills:
 + Level 3.0 Fighting
 + Level 1.6 Short Blades
 + Level 1.6 Long Blades
 + Level 1.6 Axes
 + Level 1.6 Maces & Flails
 + Level 1.6 Polearms
 + Level 1.6 Staves
 + Level 1.6 Ranged Weapons
 + Level 1.6 Throwing
 + Level 1.6 Armour
 + Level 4.8 Dodging
 + Level 1.6 Stealth
 + Level 1.6 Shields
 + Level 6.7 Unarmed Combat
 + Level 5.2 Spellcasting
 + Level 1.2 Conjurations
 + Level 1.2 Hexes
 + Level 1.2 Summonings
 + Level 1.2 Necromancy
 + Level 1.2 Translocations
 + Level 4.0 Transmutations
 + Level 1.2 Fire Magic
 + Level 1.2 Ice Magic
 + Level 1.2 Air Magic
 + Level 1.2 Earth Magic
 + Level 1.2 Poison Magic
 + Level 1.8 Invocations
 + Level 1.6 Evocations


You had 5 spell levels left.
You knew the following spells:

 Your Spells              Type           Power      Damage    Failure   Level
a - Beastly Appendage     Tmut           28%        N/A       3%          1
b - Wereblood             Tmut           14%        N/A       4%          2
c - Spider Form           Tmut/Pois      11%        N/A       17%         3
d - Mephitic Cloud        Conj/Pois/Air  7%         N/A       30%         3

Your spell library contained the following spells:

 Spells                   Type           Power      Damage    Failure   Level
 Poisonous Vapours        Pois/Air       14%        N/A       16%         2
 Ice Form                 Ice/Tmut       11%        N/A       50%         4
 Freezing Cloud           Conj/Ice/Air   3%         6-21      95%         5


Dungeon Overview and Level Annotations

Branches:
Dungeon (5/15)
 Temple: D:4-7

Altars:
Cheibriados
Okawaru
Vehumet
The Shining One

Annotations:
D:3 1 runed translucent door, GeoRichter's ghost, amateur DsCA


Innate Abilities, Weirdness & Mutations

You have very sharp teeth.
Your uncanny sense of smell can sniff out nearby items.
Your experience applies equally to all skills.


Message History

Aim: a gnoll, wielding a +0 club and quivering a throwing net (lightly wounded, covering ground quickly, poisoned, 63% to hit)
You throw a poisoned dart. The poisoned dart hits the gnoll.
The gnoll is poisoned.
A water moccasin comes into view.
Throw: 5 darts (poison)
Press: ? - help, Shift-Dir - straight line, f - water moccasin, p - gnoll
Aim: a water moccasin (wandering, hasn't noticed you, 40% to hit)
You throw a poisoned dart. The poisoned dart hits the gnoll.
The gnoll looks even sicker.
The gnoll is lightly wounded.
The water moccasin hisses angrily.
You hit the gnoll.
The gnoll is poisoned.
Your kick misses the gnoll. You headbutt the gnoll.
The gnoll is moderately wounded.
The gnoll hits you from afar with a +0 spear.
The gnoll misses you.
The gnoll bouda gazes fiercely through you!
You feel your attacks grow feeble.
You closely miss the gnoll. You claw the gnoll.
You headbutt the gnoll, but do no damage.
The gnoll is heavily wounded.
The gnoll hits you from afar with a +0 spear.
The gnoll misses you.
Unknown command.
Your horns disappear.
Your talons disappear.
You barely miss the gnoll.
The gnoll is heavily wounded.
The gnoll barely misses you. x2
You hit the gnoll but do no damage.
The gnoll looks as sick as possible!
You bite the gnoll.
The gnoll is severely wounded.
You howl as the wereblood boils in your veins!
The gnoll hits you from afar with a +0 spear.
The gnoll hits you with a +0 flail!
* * * LOW HITPOINT WARNING * * *
It was a potion of might.
You feel very mighty all of a sudden.
You howl as the wereblood boils in your veins!
The gnoll hits you with a +0 flail.
You die...

#.#######
#....@g.#
#######g##
#..gg#
#..g......#
#..g.....?#
#..(......#
(..(......#
###.(......#
..........


You could see a gnoll bouda and 2 gnolls.

Vanquished Creatures
  Robin (D:3)
  6 adders
  A gnoll (D:5)
  A white imp (D:5)
  2 worms (D:2)
  2 dart slugs (D:2)
  7 ball pythons
  9 endoplasms
  A giant cockroach (D:3)
  11 goblins
  5 hobgoblins
  3 jackals (D:2)
  11 kobolds
  6 quokkas
  4 bats
  A frilled lizard (D:2)
  4 rats
75 creatures vanquished.

Notes
Turn   | Place    | Note
-------+----------+-------------------------------------------
     0 | D:1      | FishyPogo the Gnoll Transmuter began the quest for the Orb.
     0 | D:1      | Reached XP level 1. HP: 17/17 MP: 6/6
   308 | D:1      | Reached XP level 2. HP: 23/23 MP: 7/7
   315 | D:1      | Learned a level 2 spell: Wereblood
   955 | D:2      | Reached skill level 5 in Spellcasting
   955 | D:2      | Reached XP level 3. HP: 27/28 MP: 6/9
   959 | D:2      | Learned a level 3 spell: Spider Form
  1018 | D:2      | Found a radiant altar of Vehumet.
  1040 | D:2      | Reached skill level 1 in Invocations
  1106 | D:2      | Reached skill level 1 in Short Blades
  1106 | D:2      | Reached skill level 1 in Long Blades
  1106 | D:2      | Reached skill level 1 in Axes
  1106 | D:2      | Reached skill level 1 in Maces & Flails
  1106 | D:2      | Reached skill level 1 in Polearms
  1106 | D:2      | Reached skill level 1 in Staves
  1106 | D:2      | Reached skill level 1 in Ranged Weapons
  1106 | D:2      | Reached skill level 1 in Throwing
  1106 | D:2      | Reached skill level 1 in Armour
  1106 | D:2      | Reached skill level 1 in Stealth
  1106 | D:2      | Reached skill level 1 in Shields
  1106 | D:2      | Reached skill level 1 in Evocations
  1262 | D:2      | Reached XP level 4. HP: 18/34 MP: 11/11
  1680 | D:3      | Learned a level 3 spell: Mephitic Cloud
  1788 | D:3      | Reached skill level 1 in Conjurations
  1788 | D:3      | Reached skill level 1 in Hexes
  1788 | D:3      | Reached skill level 1 in Summonings
  1788 | D:3      | Reached skill level 1 in Necromancy
  1788 | D:3      | Reached skill level 1 in Translocations
  1788 | D:3      | Reached skill level 1 in Fire Magic
  1788 | D:3      | Reached skill level 1 in Ice Magic
  1788 | D:3      | Reached skill level 1 in Air Magic
  1788 | D:3      | Reached skill level 1 in Earth Magic
  1788 | D:3      | Reached skill level 1 in Poison Magic
  1816 | D:3      | Noticed Robin
  1820 | D:3      | Killed Robin
  2037 | D:3      | Reached XP level 5. HP: 38/40 MP: 10/12
  2121 | D:3      | Found a runed translucent door.
  2121 | D:3      | Noticed GeoRichter's ghost (amateur DsCA)
  2121 | D:3      | Noticed a black bear
  2156 | D:4      | Found a glowing golden altar of the Shining One.
  2157 | D:4      | Found a snail-covered altar of Cheibriados.
  2159 | D:4      | Found an iron altar of Okawaru.
  2806 | D:5      | Entered Level 5 of the Dungeon
  2829 | D:5      | Noticed a water moccasin
  2835 | D:5      | HP: 2/41 [gnoll/+0 flail[a gnoll bouda] (14)]
  2836 | D:5      | Slain by a gnoll

Illustrated notes

Levels and vault maps discovered:
D:1:      minmay_arrival_shattered_statue, layout_loops_ring,
          chequers_serial_rivers_large_a
D:2:      layout_rooms, basic_altar, chequers_jeans
D:3:      layout_basic, ebering_ghost_inner_flame, uniq_robin
D:4:      layout_loops_ring, grunt_temple_overflow_open
D:5:      layout_basic, serial_curves, eino_curves_04, eino_curves_01,
          portal_sewer_entry_b

Skill      XL: |  1  2  3  4  5 |
---------------+----------------+-----
Spellcasting   | 5 |  5.2
Invocations    | 1 |  1.8
Short Blades   | 1 |  1.6
Long Blades    | 1 |  1.6
Axes           | 1 |  1.6
Maces & Flails | 1 |  1.6
Polearms       | 1 |  1.6
Staves         | 1 |  1.6
Ranged Weapons | 1 |  1.6
Throwing       | 1 |  1.6
Armour         | 1 |  1.6
Stealth        | 1 |  1.6
Shields        | 1 |  1.6
Evocations     | 1 |  1.6
Conjurations   | 1 |  1.2
Hexes          | 1 |  1.2
Summonings     | 1 |  1.2
Necromancy     | 1 |  1.2
Translocations | 1 |  1.2
Fire Magic     | 1 |  1.2
Ice Magic      | 1 |  1.2
Air Magic      | 1 |  1.2
Earth Magic    | 1 |  1.2
Poison Magic   | 1 |  1.2
Fighting       | 3 |  3.0
Transmutations | 4 |  4.0
Dodging        | |  4.8
Unarmed Combat | |  6.7

Action                     |  1- 3 |  4- 6 || total
---------------------------+-------+-------++-------
  Melee: Unarmed           |    16 |       ||    16
         Headbutt          |    11 |    13 ||    24
         Kick              |    16 |    20 ||    36
         Dagger            |    82 |    47 ||   129
         Bite              |    14 |     3 ||    17
         Punch             |     3 |     3 ||     6
         Short sword       |       |    45 ||    45
  Throw: Dart              |       |     8 ||     8
   Cast: Beastly Appendage |    19 |    19 ||    38
         Wereblood         |     2 |     2 ||     4
    Use: Scroll            |       |     8 ||     8
         Potion            |       |     1 ||     1
   Stab: Sleeping          |       |     4 ||     4
 Armour: Robe              |    19 |    11 ||    30
  Dodge: Dodged            |    49 |    47 ||    96
